 Dungeon Crawl Stone Soup version 0.29-a0-352-g0917bc69df (webtiles) character file.

Game seed: 15940806805457302450

28 Morbidden the Gusty (level 3, 26/26 HPs)
             Began as a Demonspawn Air Elementalist on Apr 24, 2022.
             Was a Follower of Qazlal.
             Quit the game on level 2 of the Dungeon.
             The game lasted 00:02:20 (2737 turns).

Morbidden the Gusty (Demonspawn Air Elementalist)   Turns: 2737, Time: 00:02:20

Health: 26/26      AC:  3    Str:  8    XL:     3   Next: 0%
Magic:  6/6        EV: 12    Int: 18    God:    Qazlal [*.....]
Gold:   34         SH:  1    Dex: 13    Spells: 3/6 levels left

rFire   . . .      SeeInvis .   (no weapon)
rCold   . . .      Faith    .   (no shield)
rNeg    . . .      Spirit   .   i - +0 robe
rPois   .          Reflect  .   (no helmet)
rElec   .          Harm     .   (no cloak)
rCorr   .          Rampage  .   e - +0 pair of gloves
Will    .....                   (no boots)
Stlth   ++........              (no amulet)
HPRegen 0.08/turn               (no ring)
MPRegen 0.10/turn               (no ring)

@: no status effects
A: claws 1, demonic guardian 1
a: Renounce Religion


You were on level 2 of the Dungeon.
You worshipped Qazlal.
Qazlal was aware of your devotion.
You visited 1 branch of the dungeon, and saw 2 of its levels.

You collected 34 gold pieces.

Inventory:

Armour
 e - a +0 pair of gloves (worn)
 i - a +0 robe (worn)
Scrolls
 d - a scroll of vulnerability {unknown}
 f - 2 scrolls of enchant weapon {unknown}
 g - a scroll of noise {unknown}
 h - a scroll of enchant armour {unknown}
 j - 2 scrolls of teleportation {unknown}
 k - a scroll of identify {unknown}
Potions
 a - a potion of curing {unknown}
 b - a potion of magic
 c - 2 potions of attraction {unknown}
 l - a potion of heal wounds {unknown}


   Skills:
 * Level 1.0 Fighting
 + Level 1.8 Dodging
 + Level 1.9 Stealth
 * Level 0.2 Unarmed Combat
 * Level 2.4 Spellcasting
 * Level 1.2 Conjurations
 * Level 3.0 Air Magic


You had 3 spell levels left.
You knew the following spells:

 Your Spells              Type           Power      Damage    Failure   Level
a - Shock                 Conj/Air       36%        1d5       8%          1
b - Static Discharge      Conj/Air       9%         N/A       11%         2

Your spell library contained the following spells:

 Spells                   Type           Power      Damage    Failure   Level
 Swiftness                Air            13%        N/A       16%         3
 Freeze                   Ice            8%         1d3       17%         1
 Scorch                   Fire           4%         2d5       26%         2
 Frozen Ramparts          Ice            4%         1d2       45%         3
 Airstrike                Air            6%         N/A       45%         4
 Hailstorm                Conj/Ice       4%         3d4       80%         4


Dungeon Overview and Level Annotations

Branches:
Dungeon (2/15)

Altars:
Qazlal


Innate Abilities, Weirdness & Mutations

You have sharp fingernails.
A weak demonic guardian rushes to your aid.


Message History

Confirm with . or Enter, or press ? or * to list all spells.
Aiming: Shock (safe; 9% risk of failure)
Press: ? - help, Shift-Dir - straight line, f - rat
Aim: a rat (asleep, 100% to hit)
The zap hits the rat.
You kill the rat!
You have reached level 3!
Your experience leads to an increase in your attributes!
Increase (S)trength, (I)ntelligence, or (D)exterity?
You feel clever. x2; Your demonic ancestry asserts itself...
You feel the presence of a demonic guardian.
Unknown command.
Magic restored.
Found a dagger.
Found a faded altar of an unknown god.
Autopickup is now off.
Unknown command.
Found a stone staircase leading down.
Found a pair of gloves.
There is a faded altar of an unknown god here.
You see here a +0 dagger.
You cannot tell which god this altar belongs to.
Convert to them anyway?
Okay, then.
You cannot tell which god this altar belongs to.
Convert to them anyway?
Uppercase [Y]es or [N]o only, please.
You cannot tell which god this altar belongs to.
Convert to them anyway?
Okay, then.
You cannot tell which god this altar belongs to.
Convert to them anyway?
Uppercase [Y]es or [N]o only, please.
You cannot tell which god this altar belongs to.
Convert to them anyway? [Y]es or [N]o only, please.
You cannot tell which god this altar belongs to.
Convert to them anyway?
Uppercase [Y]es or [N]o only, please.
You cannot tell which god this altar belongs to.
Convert to them anyway?
Qazlal accepts your prayer! Qazlal welcomes you!
Qazlal grants you and your divine allies immunity to clouds.
You are now surrounded by a storm.
Unknown command.
Press < or > to pray at altars.
Are you sure you want to abandon this character and quit the game? (Confirm with "yes".)

## ... ## ## ... .#####
##. #.#####...... #..
###............ #..
............... ..###..
.......@..#...†###.#....
..........#........#....
..........#........#....
...##...#.#........#....
......#.#.#........####.
........#.#.# #....# ###
#.....#.#.#.# #....###..
#.#.......#.# #.##......
....#.....#.###.######..


There were no monsters in sight!

Vanquished Creatures
  2 ball pythons
  4 endoplasms
  3 giant cockroaches
  2 goblins
  2 hobgoblins (D:1)
  2 kobolds
  2 quokkas
  4 bats
  3 frilled lizards
  A rat (D:2)
25 creatures vanquished.

Vanquished Creatures (others)
  3 plants (D:1)
3 creatures vanquished.

Grand Total: 28 creatures vanquished

Notes
Turn   | Place    | Note
-------+----------+-------------------------------------------
     0 | D:1      | Morbidden the Demonspawn Air Elementalist began the quest
                  | for the Orb.
     0 | D:1      | Reached XP level 1. HP: 13/13 MP: 3/3
   113 | D:1      | Got the Tome of the Flamy Birds
   690 | D:1      | Gained mutation: You have sharp fingernails. [demonic
                  | ancestry]
   690 | D:1      | Reached XP level 2. HP: 7/20 MP: 1/5
   994 | D:1      | Learned a level 2 spell: Static Discharge
  1698 | D:1      | Reached skill level 3 in Air Magic
  2171 | D:2      | Reached skill level 1 in Fighting
  2695 | D:2      | Gained mutation: A weak demonic guardian rushes to your
                  | aid. [demonic ancestry]
  2695 | D:2      | Reached XP level 3. HP: 26/26 MP: 4/6
  2728 | D:2      | Found a faded altar of an unknown god.
  2736 | D:2      | Prayed at the altar of an unknown god.
  2736 | D:2      | Became a worshipper of Qazlal Stormbringer
  2736 | D:2      | Reached * piety under Qazlal
  2737 | D:2      | Quit the game

Illustrated notes

Levels and vault maps discovered:
D:1:      kennysheep_arrival_seaside, layout_loops_ring, chequers_arboretum,
          minmay_heptomino_l4
D:2:      layout_basic, ebering_ecumenical_altar_sacrificial

Skill      XL: |  1  2 |
---------------+-------+-----
Air Magic      | 3 |  3.0
Fighting       | 1 |  1.0
Dodging        | |  1.8
Stealth        | |  1.9
Unarmed Combat | |  0.2
Spellcasting   | |  2.4
Conjurations   | |  1.2

Action                   || total
-------------------------++-------
Melee: Unarmed           ||    41
       Short sword       ||     8
 Cast: Shock             ||    60
 Stab: Sleeping          ||     2
Armor: Robe              ||    14
Dodge: Dodged            ||    53

Table legend: (Time is in decaauts)
 A = Elapsed time spent in this place.
 B = Non-inter-level travel time spent in this place.
 C = Inter-level travel time spent in this place.
 D = Time resting spent in this place.
 E = Time spent auto-exploring this place.
 F = Levels seen in this place.
 G = Mean time per level.
                   A        B        C        D        E       F      G
               +--------+--------+--------+--------+--------+-----+--------+
         Total |   2744 |   2590 |    154 |    802 |   1495 |   2 | 1372.0 |
       Dungeon |   2744 |   2590 |    154 |    802 |   1495 |   2 | 1372.0 |
               +--------+--------+--------+--------+--------+-----+--------+

Top non-repeatable levels by time:
     D:1: 2248 daAuts
     D:2: 495 daAuts
